 Dungeon Crawl Stone Soup version 0.25-a0-365-g7600c65 (webtiles) character file.

Game seed: 5833301260958700645, levelgen mode: deterministic

60 Birdy the Sneak (level 4, -5/23 HPs)
             Began as a Vine Stalker Assassin on Jan 5, 2020.
             Slain by a gnoll
             ... wielding a cursed -2 flail
              (13 damage)
             ... on level 2 of the Dungeon.
             The game lasted 00:02:25 (1986 turns).

Birdy the Sneak (Vine Stalker Assassin)             Turns: 1986, Time: 00:02:26

Health: -5/23      AC:  4    Str: 11 (14) XL:     4   Next: 4%
Magic:  0/6        EV: 12    Int:  8 (11) God:
Gold:   172        SH:  0    Dex: 13 (16) Spells: 5/5 levels left

rFire    . . .     SeeInvis +   a - +3 dagger
rCold    . . .     Gourm    .   (no shield)
rNeg     . . .     Faith    .   b - +0 robe
rPois    .         Spirit   +   t - +0 helmet
rElec    .         Reflect  .   c - +0 cloak
rCorr    .         Harm     .   (no gloves)
MR       .....                  (no boots)
Stlth    +++.......             (no amulet)
HPRegen  0.47/turn              p - ring of see invisible
MPRegen  0.10/turn              (no ring)

@: no status effects
A: fangs 2, regeneration 1, magic shield, antimagic bite, no potion heal 3, rot
immunity
a: no special abilities


You were on level 2 of the Dungeon.
You were very hungry.

You visited 1 branch of the dungeon, and saw 3 of its levels.

You collected 172 gold pieces.

Inventory:

Hand Weapons
 a - a +3 dagger (weapon)
Missiles
 d - 8 poisoned darts (quivered)
 e - 2 curare-tipped darts
Armour
 b - a +0 robe (worn)
 c - a +0 cloak (worn)
 t - a +0 helmet (worn)
Jewellery
 p - a ring of see invisible (left hand)
Scrolls
 g - a scroll of amnesia
 h - a scroll of identify {unknown}
Potions
 l - a potion of might
 n - a potion of curing
 o - a potion of flight
Comestibles
 f - 4 rations


   Skills:
 + Level 2.1 Fighting
 - Level 2.0 Short Blades
 - Level 1.7 Throwing
 * Level 1.3 Armour
 + Level 1.2 Dodging
 + Level 5.2 Stealth
 + Level 1.1 Spellcasting


You had 5 spell levels left.
You didn't know any spells.
Your spell library was empty.

Dungeon Overview and Level Annotations

Branches:
Dungeon (3/15)

Altars:


Innate Abilities, Weirdness & Mutations

You have extremely sharp teeth.
Your natural rate of healing is unusually fast.
When hurt, damage is shared between your health and your magic reserves.
Your bite disrupts and absorbs the magic of your enemies.
Potions cannot restore your health.
You are immune to rotting.


Message History

There is a stone staircase leading down here.
You start resting.
Magic restored.
You start resting.
HP restored.
You climb downwards.
The gnoll hits you. x2; The gnoll closely misses you.
The gnoll barely misses you. The gnoll hits you.
There is a stone staircase leading up, spattered with blood here.
The gnoll hits you with a cursed -2 flail!
The gnoll hits you but does no damage. The gnoll barely misses you.
The gnoll misses you.
You climb upwards.
There is a stone staircase leading down here.
Sorry, you're not good enough to have a special ability.
Unknown command.
You hit the gnoll. Your bite misses the gnoll.
The gnoll is moderately wounded.
The gnoll hits you with a cursed -2 flail!
Ouch! That really hurt!
You die...

#.#.#.# #............#
#.#.#.# #............#
#[#.#.# #............#
'.#...# #............#
####### #............#
# ######.......# #
#..g†...#
################g######
........##.....g@#
#######.##.#######
#.##.# #....# ######


You could see 3 gnolls.

Vanquished Creatures
  2 adders (D:2)
  4 dart slugs
  2 leopard geckos (D:1)
  3 giant cockroaches (D:1)
  2 goblins (D:2)
  2 hobgoblins (D:1)
  5 bats
  6 frilled lizards
  7 kobolds
  3 rats
36 creatures vanquished.

Notes
Turn   | Place    | Note
-------+----------+-------------------------------------------
     0 | D:1      | Birdy the Vine Stalker Assassin began the quest for the
                  | Orb.
     0 | D:1      | Reached XP level 1. HP: 11/11 MP: 2/2
    58 | D:1      | Reached XP level 2. HP: 7/15 MP: 3/3
   364 | D:1      | Reached skill level 1 in Dodging
   472 | D:1      | Reached skill level 5 in Stealth
   763 | D:1      | Reached skill level 1 in Armour
   763 | D:1      | Reached XP level 3. HP: 15/18 MP: 3/5
  1138 | D:2      | Reached skill level 1 in Spellcasting
  1621 | D:2      | Gained mutation: Your natural rate of healing is unusually
                  | fast. [Vine Stalker growth]
  1621 | D:2      | Reached XP level 4. HP: 21/23 MP: 6/6
  1986 | D:2      | Slain by a gnoll

Levels and vault maps discovered:
D:1:      eino_arrival_druids_welcome, layout_basic, minmay_lizard_king
D:2:      layout_basic, first_ration
D:3:      layout_basic, nicolae_overflow_hidden_temple,
          overflow_temple_1_default, chequers_ecumenical_altar_island

Skill      XL: |  1  2  3 |
---------------+----------+-----
Short Blades   | 2 |  2.0
Dodging        | 1 |  1.2
Stealth        | 5 |  5.2
Fighting       | 2 |  2.1
Armour         | 1 |  1.3
Spellcasting   | 1 |  1.1
Throwing       | |  1.7

Action                   |  1- 3 |  4- 6 || total
-------------------------+-------+-------++-------
Melee: Dagger            |    72 |     6 ||    78
       Bite              |    20 |     3 ||    23
  Use: Potion            |       |     8 ||     8
       Scroll            |       |     5 ||     5
 Stab: Sleeping          |     8 |     1 ||     9
  Eat: Chunk             |     2 |       ||     2
Armor: Robe              |     8 |       ||     8
Dodge: Dodged            |    36 |     6 ||    42

Table legend:
 A = Non-vault XP
 B = Vault XP
 C = Vault XP percentage of total XP
 D = Non-vault monster count
 E = Vault monster count
 F = Vault count percentage of total count
                 A         B        C        D         E       F
            +---------+---------+-------+---------+---------+-------
      Total |      80 |       6 |   7.0 |      32 |       4 |  11.1
            +---------+---------+-------+---------+---------+-------
        D:1 |      39 |       6 |  13.3 |      21 |       4 |  16.0
        D:2 |      40 |       0 |   0.0 |      10 |       0 |   0.0
        D:3 |       1 |       0 |   0.0 |       1 |       0 |   0.0
            +---------+---------+-------+---------+---------+-------
